 Dungeon Crawl Stone Soup version 0.26-a0-695-g987792ac36 (webtiles) character file.

Game seed: 7634205685551399531

560823 marklar909 the Conqueror (level 27, -3/273 HPs)
             Began as a Hill Orc Monk on Oct 24, 2020.
             Was the Champion of Ashenzari.
             Slain by a lich (8 damage)
             ... while paralysed by a lich
             ... on level 3 of the Abyss on Oct 25, 2020.
             The game lasted 03:21:31 (93920 turns).

marklar909 the Conqueror (Hill Orc Monk)           Turns: 93920, Time: 03:21:31

Health: -3/273     AC: 33    Str: 31    XL:     27
Magic:  0/36       EV:  2    Int: 19    God:    Ashenzari [******]
Gold:   5806       SH:  0    Dex: 18    Spells: 29/44 levels left

rFire    + . .     SeeInvis +   a - +9 battleaxe (vorpal) (curse)
rCold    + . .     Faith    .   (shield currently unavailable)
rNeg     . . .     Spirit   +   k - +1 plate armour "Qet Nuss" {rC+ Int+5} (curse)
rPois    +         Reflect  .   V - +2 hat {Int+3} (curse)
rElec    .         Harm     .   N - +2 cloak (curse)
rCorr    .         Rampage  .   v - +4 pair of gloves of Vibyski {Str+5 Int+3} (curse)
MR       ++...     Clarity  +   f - +2 pair of boots (curse)
Stlth    ..........             X - brooch of Shielding {Spirit SH+8} (curse)
HPRegen  0.55/turn              A - ring of protection from fire
MPRegen  0.25/turn              b - ring "Hosatef" {rPois Dex+6 Stlth+} (curse)

@: paralysed, corroded, lightly drained
A: clumsy 1, dopey 1
}: 2/15 runes: decaying, gossamer
a: Curse Item, Scrying, Transfer Knowledge, Renounce Religion


You were on level 3 of the Abyss.
You worshipped Ashenzari.
Ashenzari was exalted by your worship.
You visited 8 branches of the dungeon, and saw 43 of its levels.
You visited the Abyss 6 times.
You also visited: Ice Cave and Wizlab.

You collected 8044 gold pieces.
You spent 2238 gold pieces at shops.

Inventory:

Hand Weapons
 a - a cursed +9 vorpal battleaxe (weapon)
 Z - a +0 antimagic war axe
Missiles
 w - 135 poisoned darts (quivered)
 y - 25 javelins
Armour
 f - a cursed +2 pair of boots (worn)
 k - the cursed +1 plate armour "Qet Nuss" (worn) {rC+ Int+5}
   (You bought it in a shop on level 2 of the Orcish Mines)

   It affects your intelligence (+5).
   It protects you from cold.
   It has a curse placed upon it.
 v - the cursed +4 pair of gloves of Vibyski (worn) {Str+5 Int+3}
   (You took it off Nikola on level 1 of the Swamp)

   It affects your strength (+5).
   It affects your intelligence (+3).
   It has a curse placed upon it.
 N - a cursed +2 cloak (worn)
 V - a cursed +2 hat of intelligence (worn)
Jewellery
 b - the cursed ring "Hosatef" (right hand) {rPois Dex+6 Stlth+}
   (You acquired it on level 5 of the Lair of Beasts)

   [ring of stealth]

   It affects your dexterity (+6).
   It protects you from poison.
   It makes you more stealthy.
   It has a curse placed upon it.
 q - an uncursed ring of positive energy
 s - an uncursed ring of resist corrosion
 A - a ring of protection from fire (left hand)
 B - an uncursed amulet of magic regeneration
 C - an uncursed ring of protection from magic
 H - an uncursed ring of flight
 X - the cursed brooch of Shielding (around neck) {Spirit SH+8}
   (You found it on level 3 of the Elven Halls)

   [amulet of guardian spirit]

   It causes incoming damage to be split between your health and magic.
   It affects your SH (+8).
   It has a curse placed upon it.
Wands
 x - a wand of digging (6)
 I - a wand of iceblast (59)
 R - a wand of disintegration (25)
 U - a wand of acid (4)
Scrolls
 c - 33 scrolls of identify
 d - 9 scrolls of magic mapping
 i - 23 scrolls of teleportation
 l - 12 scrolls of fog
 p - a scroll of enchant weapon
 r - 9 scrolls of remove curse
 t - 13 scrolls of amnesia
 F - 2 scrolls of enchant armour
 K - 4 scrolls of blinking
 M - 6 scrolls of holy word
 P - 5 scrolls of fear
Potions
 e - 5 potions of curing
 g - 4 potions of resistance
 h - 5 potions of heal wounds
 j - 5 potions of might
 m - 11 potions of stabbing
 n - 11 potions of flight
 o - 6 potions of haste
 z - 2 potions of magic
 D - 8 potions of mutation
 O - 7 potions of lignification
 S - 3 potions of ambrosia
 T - 4 potions of cancellation
 W - 6 potions of brilliance
Miscellaneous
 u - a box of beasts (3/3)
 E - a tin of tremorstones (2/3)
 G - a lightning rod (4/4)
 L - a condenser vane (1/2)


   Skills:
 O Level 27(26.4) Fighting
 - Level 24.3(26.4) Axes
   Level 2.2(14.2) Maces & Flails
 + Level 9.4(9.1) Throwing
 + Level 18.4(22.7) Armour
 * Level 11.4(11.0) Dodging
 + Level 4.4(4.1) Stealth
 * Level 9.0(8.6) Spellcasting
 * Level 11.1(13.4) Conjurations
 + Level 6.4(9.1) Translocations
 * Level 12.1(14.4) Fire Magic
 + Level 7.7(10.3) Ice Magic
 * Level 10.9(13.2) Earth Magic
 + Level 11.0(13.3) Evocations


You had 29 spell levels left.
You knew the following spells:

 Your Spells              Type           Power        Failure   Level
a - Blink                 Tloc           N/A          1%          2
b - Frozen Ramparts       Ice            #####.       1%          3
c - Bolt of Magma         Conj/Fire/Erth ######....   2%          5
d - Fireball              Conj/Fire      ######....   2%          5

Your spell library contained the following spells:

 Spells                   Type           Power        Failure   Level
 Apportation              Tloc           #####.       1%          1
 Freeze                   Ice            ####         1%          1
 Magic Dart               Conj           ####         1%          1
 Sandblast                Erth           ######       1%          1
 Shock                    Conj/Air       ####         1%          1
 Conjure Flame            Conj/Fire      ######..     1%          3
 Gell's Gravitas          Tloc           #####.....   1%          3
 Lesser Beckoning         Tloc           #####.....   1%          3
 Ozocubu's Armour         Ice            #####...     1%          3
 Stone Arrow              Conj/Erth      ######       1%          3
 Teleport Other           Tloc           #####...     1%          3
 Passwall                 Tmut/Erth      ####....     2%          2
 Hailstorm                Conj/Ice       ######..     2%          4
 Iskenderun's Battlesphe  Conj           ######..     3%          5
 Lee's Rapid Deconstruct  Erth           ######....   3%          5
 Ensorcelled Hibernation  Hex/Ice        ####..       4%          2
 Inner Flame              Hex/Fire       #####...     4%          3
 Static Discharge         Conj/Air       ####....     5%          3
 Passage of Golubria      Tloc           N/A          7%          4
 Ignite Poison            Fire/Tmut/Pois ####....     12%         3
 Mephitic Cloud           Conj/Pois/Air  ####....     13%         3
 Portal Projectile        Hex/Tloc       ####..       13%         3
 Starburst                Conj/Fire      ######....   14%         6
 Leda's Liquefaction      Hex/Erth       ####......   19%         4
 Petrify                  Tmut/Erth      ####....     19%         4
 Iron Shot                Conj/Erth      ######....   19%         6
 Animate Skeleton         Necr           #.....       26%         1
 Beastly Appendage        Tmut           #.....       26%         1
 Corona                   Hex            #......      26%         1
 Pain                     Necr           #...         26%         1
 Sting                    Tmut/Pois      #...         26%         1
 Summon Small Mammal      Summ           #...         26%         1
 Ice Form                 Ice/Tmut       ####....     32%         4
 Summon Ice Beast         Ice/Summ       ####....     32%         4
 Call Imp                 Summ           #.......     38%         2
 Corpse Rot               Necr/Air       N/A          38%         2
 Poisonous Vapours        Pois/Air       #.....       38%         2
 Slow                     Hex            #.......     38%         2
 Sublimation of Blood     Necr           #.........   38%         2
 Swiftness                Air            #.......     38%         2
 Irradiate                Conj/Tmut      ####......   43%         5
 Lightning Bolt           Conj/Air       ####......   43%         5
 Borgnjor's Vile Clutch   Necr/Erth      ####......   45%         5
 Call Canine Familiar     Summ           #.......     63%         3
 Spider Form              Tmut/Pois      #.........   63%         3
 Summon Guardian Golem    Hex/Summ       #.......     63%         3
 Tukima's Dance           Hex            #.......     63%         3
 Vampiric Draining        Necr           #.........   63%         3
 Orb of Destruction       Conj           ######....   67%         7
 Summon Forest            Summ/Tloc      ####......   75%         5
 Freezing Cloud           Conj/Ice/Air   #####.....   86%         6
 Airstrike                Air            #.........   95%         4
 Animate Dead             Necr           #.........   95%         4
 Cause Fear               Hex            #.........   95%         4
 Dispel Undead            Necr           #.......     95%         4
 Olgreb's Toxic Radiance  Pois           #.......     95%         4
 Summon Lightning Spire   Summ/Air       #.......     95%         4
 Conjure Ball Lightning   Conj/Air       ####......   95%         6
 Statue Form              Tmut/Erth      ####.....    95%         6
 Ignition                 Fire           ######....   99%         8
 Agony                    Necr           #.......     100%        5
 Alistair's Intoxication  Tmut/Pois      #........    100%        5
 Blade Hands              Tmut           #.........   100%        5
 Excruciating Wounds      Necr           #.........   100%        5
 Silence                  Hex/Air        #.........   100%        5
 Summon Demon             Summ           #.........   100%        5
 Summon Mana Viper        Hex/Summ       #.......     100%        5
 Yara's Violent Unravell  Hex/Tmut       #.........   100%        5
 Eringya's Noxious Bog    Tmut/Pois      #.........   100%        6
 Hydra Form               Tmut           #.........   100%        6
 Invisibility             Hex            #.......     100%        6
 Shadow Creatures         Summ           N/A          100%        6
 Spellforged Servitor     Conj/Summ      ####......   100%        7
 Summon Hydra             Summ           #.........   100%        7
 Lehudib's Crystal Spear  Conj/Erth      ######....   100%        8
 Shatter                  Erth           ######....   100%        9
 Tornado                  Air            #.........   100%        9


Dungeon Overview and Level Annotations

Branches:
Dungeon (15/15)            Temple (0/1) D:7            Lair (6/6) D:9
  Swamp (4/4) Lair:2       Spider (4/4) Lair:3        Slime (0/5) Lair:6
    Orc (2/2) D:11            Elf (3/3) Orc:2        Vaults (4/5) D:13
  Crypt (0/3) Vaults:3     Depths (5/5) D:15            Zot (0/5) Depths:5
  IceCv (visited)          WizLab (visited)

Altars:
Ashenzari
Cheibriados
Dithmenos
Elyvilon
Fedhas
Hepliaklqana
Kikubaaqudgha
Qazlal
Ru
Sif Muna
Vehumet
Xom
Yredelemnul
Zin
Jiyva

Shops:
D:6 ?   D:10 !   Orc:2 ?[[}(   Elf:1 =   Elf:3 *   Vaults:2 ?

Portals:
Hell: Depths:1 Depths:2 Depths:3 Depths:4 Depths:5
Abyss: Depths:1 Depths:2 Depths:4
Pandemonium: Depths:3 Depths:4
Ziggurat: Depths:3

Annotations:
D:13 1 exclusion
Lair:3 exclusion: oklob plant


Innate Abilities, Weirdness & Mutations

You are clumsy. (Dex -2)
You are dopey. (Int -2)


Message History

The lich touches you but does no damage.
The ice dragon is engulfed in blazing flames.
The lich is engulfed in blazing flames.
The lich touches you but does no damage. x2
The large abomination is engulfed in blazing flames.
The lich is engulfed in blazing flames.
You destroy the lich!
The lich gestures at you while chanting.
The lance of force hits you!!
* * * LOW HITPOINT WARNING * * *
You are knocked back by the lance of force.
You collide with the lich!
The ice dragon bites you but does no damage.
The ice dragon claws you!
* * * LOW HITPOINT WARNING * * *
The ice dragon tramples you but does no damage.
The lich touches you but does no damage.
The lich completely misses you.
The lich is engulfed in blazing flames.
The lich touches you!
You die...

* #### *,,,{ * *,
* ,, , , , #
##§...§#* * ,, ,
, , , *,#
.*,##§.⌠§.# ,*##*
, , *,# .#.
,##§§§[. ##..#* *
* ,.,,
#*#§...'.#..##,,*
,, * ,, ...
...##§§§{..... ,
,, , , ##
h..###.##§§#§.. *
,, ,,, ,.#.. . ..
.#bDXL#* # , *, *
, , #.,., #...#
#@##..## , , **
.' ..
.#...##L........
, ,#.. *
#.)[..#...#..., ,
, ,. # .,#*
...)...#..# , , ,
, , *
*###....#..##, ,,
,** , , *{,*
#..)# ### , , *,*
* ,*, , *∩
#...#,, * * , ,,,
,, ,#...#,, ∩ * ,
,,, ,, , #...#,
,,** ,*, *


You could see an ice dragon (fast, invisible, slow), 2 liches, a large
abomination and a fire bat.

Vanquished Creatures
  Mara (Vaults:4)
  2 juggernauts
  Frederick (Vaults:4)
  A golden dragon (Depths:2)
  Nikola (Swamp:1)
  5 bone dragons
  A hellephant (Abyss:3)
  Jorgrun (D:14)
  8 liches
  3 tentacled monstrosities
  A titan (Depths:4)
  Asterion (Depths:2)
  4 quicksilver dragons
  2 deep elf master archers
  Gastronok (Lair:2)
  An Executioner (Abyss:1)
  17 tentacled starspawn
  4 sphinxes
  2 storm dragons
  Agnes (Spider:1)
  A shadow dragon (Depths:4)
  2 thorn hunters
  3 tengu reavers
  Donald (Spider:3)
  9 fire giants
  A draconian knight (Depths:2)
  4 ghost moths
  A balrug (Abyss:1)
  5 iron dragons
  14 frost giants
  11 vault wardens
  A cacodemon (WizLab)
  A ghost moth (shapeshifter) (Depths:5)
  12 deep elf sorcerers
  4 deep elf elementalists
  A juggernaut zombie (Depths:2)
  4 draconian stormcallers (Depths:5)
  3 spriggan defenders
  2 draconian shifters
  2 caustic shrike skeletons
  4 emperor scorpions
  15 ironheart preservers
  35 very ugly things
  A war gargoyle (WizLab)
  30 stone giants
  4 entropy weavers
  10 vampire knights
  10 deep elf demonologists
  A green draconian (Depths:5)
  A black draconian (Depths:5)
  2 yellow draconians
  7 deep elf annihilators
  A white draconian (Depths:5)
  6 spark wasps
  Snorg (D:11)
  11 ettins
  12 deep elf death magi
  A merfolk javelineer (Depths:4)
  A quicksilver dragon zombie (D:15)
  17 fire dragons
  A crystal guardian (Vaults:4)
  5 jiangshi
  17 yaktaur captains
  4 vault guards
  11 great orbs of eyes
  6 rakshasas
  6 deep elf high priests
  15 ice dragons
  34 hydras
  3 shambling mangroves
  9 boulder beetles
  2 ghost crabs
  7 spriggan air magi
  Erolcha (D:12)
  A catoblepas (Lair:3)
  2 death knights
  15 centaur warriors
  A two-headed ogre (shapeshifter) (Depths:4)
  26 dancing weapons
  37 two-headed ogres
  The ghost of Xeug Exun the Fighter, a novice DsBe of Trog (Lair:1)
  6 deep troll shamans
  10 alligators
  18 ogre magi
  7 vampire magi
  8 death yaks
  10 hell hogs
  3 tengu warriors
  8 deep troll earth magi
  7 spriggan berserkers
  22 deep elf knights
  A thrashing horror (Abyss:1)
  11 wretched stars
  Nergalle (D:11)
  3 shadow wraiths
  6 skeletal warriors
  3 hell knights
  2 fire crabs (shapeshifter) (Depths:2)
  An iron troll (Depths:5)
  An orange crystal statue (WizLab)
  2 sixfirhies
  An anaconda zombie (Abyss:1)
  A spriggan druid (Swamp:4)
  2 spatial maelstroms (Abyss:1)
  36 starcursed masses
  2 unseen horrors (shapeshifter)
  19 deep trolls
  A glowing orange brain (shapeshifter) (D:15)
  5 unseen horrors
  5 flayed ghosts
  A sea snake (shapeshifter) (Depths:5)
  14 glowing orange brains
  A shadow dragon zombie (Abyss:1)
  A lindwurm (shapeshifter) (Depths:2)
  8 wizards
  11 deep elf archers
  2 lindwurms (Lair:6)
  10 orc knights
  2 phantasmal warriors
  23 large abominations
  11 swamp dragons
  9 ironbrand convokers
  14 orb spiders
  4 harpies (Vaults:2)
  3 necromancers
  A wolf spider zombie (D:14)
  A wolf spider (shapeshifter) (Elf:1)
  5 orc sorcerers
  3 cyclopes
  64 ugly things
  4 oklob plants (Lair:5)
  39 wolf spiders
  A cyclops (shapeshifter) (Depths:2)
  2 moths of wrath
  70 deep elf magi
  A sphinx skeleton (D:15)
  A salamander (shapeshifter) (Vaults:3)
  An apocalypse crab (Abyss:1)
  A guardian serpent (shapeshifter) (Depths:5)
  2 stone giant skeletons
  2 ice statues (IceCv)
  3 centaur zombies
  A rust devil (Depths:4)
  A black mamba (shapeshifter) (Depths:2)
  Maurice (D:11)
  2 black mambas
  13 torpor snails
  A torpor snail (shapeshifter) (Depths:2)
  6 smoke demons
  A water nymph (shapeshifter) (Depths:4)
  A storm dragon simulacrum (Vaults:2)
  12 vault sentinels
  17 cane toads
  3 gargoyles (D:11)
  Maggie (Lair:2)
  6 eyes of devastation (WizLab)
  A hellion (Depths:4)
  8 freezing wraiths
  7 rime drakes
  57 yaktaurs
  3 kobold demonologists
  2 efreet
  10 komodo dragons
  6 polar bears
  A red devil (Depths:4)
  4 ancient zymes
  17 demonic crawlers
  11 tyrant leeches
  3 meliai (D:15)
  A polar bear (shapeshifter) (Depths:1)
  A tengu conjurer (Depths:3)
  30 jumping spiders
  A troll (shapeshifter) (Abyss:3)
  32 hornets
  9 trolls
  16 blink frogs
  A queen bee (shapeshifter) (Vaults:1)
  A dream sheep (shapeshifter) (Depths:4)
  19 raiju
  9 bog bodies
  2 raiju (shapeshifter)
  72 slime creatures
  7 dream sheep (Lair:6)
  Sigmund (D:2)
  70 redbacks
  10 wyverns
  15 spriggans
  4 shadows
  A wyvern (shapeshifter) (Depths:3)
  A spriggan (shapeshifter) (Depths:2)
  14 water elementals
  A redback (shapeshifter) (Depths:2)
  2 air elementals
  27 yaks
  4 ynoxinuls
  30 tarantellas
  A golden eye (Abyss:1)
  2 fire elementals (Elf:2)
  2 steam dragons (Lair:6)
  5 fire bats
  6 wraiths
  10 basilisks
  A hog (shapeshifter) (Depths:2)
  A human (shapeshifter) (Vaults:1)
  A yak (shapeshifter) (D:13)
  A human simulacrum (Vaults:3)
  8 chaos spawn
  2 basilisks (shapeshifter) (D:13)
  4 neqoxecs
  15 vampire mosquitoes
  7 spatial vortices (Abyss:1)
  4 wargs
  4 acid dragons
  12 swamp worms
  18 insubstantial wisps
  10 water moccasins
  A floating eye (shapeshifter) (D:13)
  A water moccasin (shapeshifter) (Depths:3)
  11 ice beasts
  26 orc warriors
  A hell hound (Abyss:1)
  19 swamp drakes
  3 phantoms
  5 sky beasts
  5 black bears
  44 ogres
  9 wolves
  2 necrophages
  A wolf (shapeshifter) (Depths:3)
  25 boggarts
  17 centaurs
  A big kobold (D:14)
  32 bullfrogs
  An earth elemental (Elf:3)
  A wyvern zombie (D:14)
  A water moccasin zombie (D:11)
  A wyvern skeleton (D:12)
  A water moccasin skeleton (D:9)
  10 small abominations
  9 killer bees
  3 scorpions
  7 wights (D:12)
  5 electric eels
  A howler monkey (D:4)
  A bullfrog zombie (D:13)
  A quasit (D:12)
  4 hounds
  8 jellies
  11 orc priests
  2 bullfrog skeletons
  3 centaur skeletons
  An iron imp (Depths:3)
  26 orc wizards
  5 hell rats (Lair:4)
  7 iguanas
  10 worker ants
  An ogre zombie (Abyss:3)
  2 bullfrog simulacra (D:8)
  A hound skeleton (D:5)
  6 gnolls
  A howler monkey skeleton (D:5)
  9 adders
  A hound simulacrum (D:8)
  3 shadow imps
  7 white imps
  7 ufetubi
  An ooze (D:6)
  An adder skeleton (D:6)
  A dart slug (D:1)
  An adder simulacrum (D:8)
  4 leopard geckos
  71 orcs
  6 giant cockroaches
  8 goblins
  7 hobgoblins
  3 jackals (D:6)
  8 kobolds
  2 quokkas
  2 ball pythons
  8 bats
  5 frilled lizards
  A jackal simulacrum (D:8)
  A leopard gecko simulacrum (D:8)
  A quokka zombie (D:6)
  7 rats
  4 briar patches (Swamp:1)
  2 crawling corpses (Elf:3)
  A fungus (Lair:6)
  19 starspawn tentacles
2246 creatures vanquished.

Vanquished Creatures (collateral kills)
  A moon troll (WizLab)
  A deep elf master archer (Elf:3)
  A cacodemon (WizLab)
  A deep elf elementalist (Elf:3)
  2 very ugly things (WizLab)
  A deep elf annihilator (Elf:3)
  A deep elf high priest (Elf:3)
  A deep elf mage (Elf:1)
  An ugly thing (Depths:2)
10 creatures vanquished.

Vanquished Creatures (others)
  A ghost moth (Spider:4)
  A deep elf elementalist (Elf:3)
  A fire dragon (Abyss:3)
  An ice dragon (Depths:2)
  An alligator (Swamp:3)
  A deep elf mage (Elf:1)
  An orb spider (Spider:4)
  A polar bear (D:14)
  A hornet (Swamp:4)
  A tyrant leech (Swamp:1)
  A raiju (Abyss:1)
  A bog body (Swamp:1)
  A yak (shapeshifter) (Depths:2)
  2 fire bats (Abyss:3)
  A soldier ant (shapeshifter) (Depths:2)
  2 small abominations
  A centaur (Vaults:1)
  A black bear (shapeshifter) (Abyss:3)
  A boggart (Depths:2)
  A briar patch (Swamp:1)
  2 demonic plants (WizLab)
  81 fungi
  108 plants
  27 starspawn tentacles
240 creatures vanquished.

Grand Total: 2496 creatures vanquished

Notes
Turn   | Place    | Note
-------+----------+-------------------------------------------
     0 | D:1      | marklar909 the Hill Orc Monk began the quest for the Orb.
     0 | D:1      | Reached XP level 1. HP: 19/19 MP: 1/1
   312 | D:1      | Reached XP level 2. HP: 27/27 MP: 2/2
  1186 | D:2      | Noticed Sigmund
  1275 | D:3      | Reached skill level 4 in Fighting
  1322 | D:3      | Reached XP level 3. HP: 33/33 MP: 3/3
  2052 | D:3      | Reached XP level 4. HP: 28/40 MP: 4/4
  2682 | D:4      | Reached skill level 5 in Axes
  2682 | D:4      | Reached skill level 1 in Armour
  2797 | D:4      | Noticed an ogre
  2844 | D:4      | Reached XP level 5. HP: 14/46 MP: 5/5
  4067 | D:2      | Killed Sigmund
  4067 | D:2      | Reached XP level 6. HP: 47/53 MP: 6/6
  4358 | D:2      | Found a white marble altar of Elyvilon.
  4458 | D:2      | Found a radiant altar of Vehumet.
  4800 | D:4      | Reached XP level 7. HP: 33/60 MP: 7/7
  5827 | D:5      | Entered Level 5 of the Dungeon
  5841 | D:5      | Found a broken altar of Ashenzari.
  5890 | D:5      | Reached skill level 5 in Fighting
  6660 | D:5      | Found a glowing silver altar of Zin.
  6724 | D:5      | Became a worshipper of Ashenzari the Shackled
  6724 | D:5      | Reached * piety under Ashenzari
  6724 | D:5      | Reached ** piety under Ashenzari
  6836 | D:5      | Reached XP level 8. HP: 69/69 MP: 8/8
  6969 | D:5      | Reached skill level 5 in Armour
  7246 | D:5      | Noticed a water elemental
  7251 | D:5      | Found a stormy altar of Qazlal.
  7252 | D:5      | Noticed an air elemental
  7271 | D:5      | Found a sparkling altar of Nemelex Xobeh.
  7273 | D:5      | Found a sacrificial altar of Ru.
  7273 | D:5      | Found a hazy altar of Hepliaklqana.
  7275 | D:5      | Found a white marble altar of Elyvilon.
  7275 | D:5      | Found a broken altar of Ashenzari.
  7275 | D:5      | Found a shimmering altar of Xom.
  7552 | D:6      | Found Puiva's Magic Scroll Shop.
  7760 | D:6      | Bought a scroll of identify for 28 gold pieces
  7760 | D:6      | Bought a scroll of enchant armour for 105 gold pieces
  7760 | D:6      | Bought a scroll of remove curse for 42 gold pieces
  7760 | D:6      | Bought a scroll of identify for 28 gold pieces
  7760 | D:6      | Bought a scroll of identify for 28 gold pieces
  7760 | D:6      | Bought a scroll of identify for 28 gold pieces
  7911 | D:6      | Reached skill level 6 in Fighting
  8636 | D:7      | Reached XP level 9. HP: 78/78 MP: 9/9
  8771 | D:7      | Found a staircase to the Ecumenical Temple.
  8941 | D:7      | Reached skill level 10 in Axes
  9100 | D:7      | Found a blossoming altar of Fedhas.
  9100 | D:7      | Found a shimmering blue altar of Sif Muna.
  9249 | D:8      | Noticed a polar bear
  9272 | D:8      | Killed a polar bear
  9272 | D:8      | Reached skill level 1 in Throwing
  9590 | D:8      | Noticed a polar bear
  9626 | D:7      | Killed a polar bear
  9626 | D:7      | Reached skill level 7 in Fighting
 10330 | D:8      | Noticed a polar bear
 10367 | D:8      | Killed a polar bear
 10386 | D:8      | Noticed a two-headed ogre
 11005 | D:8      | Noticed a polar bear
 11007 | D:8      | Noticed a death yak
 11041 | D:7      | Killed a polar bear
 11718 | D:8      | Reached XP level 10. HP: 81/86 MP: 10/10
 11962 | D:8      | Found a shadowy altar of Dithmenos.
 11963 | D:8      | Found a hazy altar of Hepliaklqana.
 12196 | D:8      | Killed a two-headed ogre
 12377 | D:8      | Killed a death yak
 12377 | D:8      | Reached skill level 5 in Throwing
 12638 | D:8      | Reached skill level 8 in Fighting
 13113 | D:9      | Identified the amulet "Selet" {Spirit Int+3}
 13649 | D:9      | Found a staircase to the Lair.
 14068 | D:9      | Reached XP level 11. HP: 63/94 MP: 11/11
 14338 | D:9      | Noticed a sixfirhy
 14563 | D:10     | Entered Level 10 of the Dungeon
 14583 | D:10     | Found Kenetatt's Distillery.
 14905 | D:10     | Killed an unseen horror
 15046 | D:10     | Noticed a two-headed ogre
 15079 | D:10     | Killed a two-headed ogre
 15593 | D:10     | Noticed a two-headed ogre
 15619 | D:10     | Killed a two-headed ogre
 15953 | D:10     | Reached *** piety under Ashenzari
 16349 | D:11     | Noticed Snorg
 16360 | D:11     | Noticed Maurice
 16371 | D:11     | Killed Snorg
 16371 | D:11     | Reached skill level 9 in Fighting
 16667 | D:11     | Noticed a white ugly thing
 16673 | D:11     | Killed Maurice
 16673 | D:11     | Reached skill level 10 in Armour
 16961 | D:11     | Noticed Nergalle
 16981 | D:11     | Killed Nergalle
 17486 | D:11     | Reached XP level 12. HP: 104/104 MP: 12/12
 18340 | D:11     | Found a staircase to the Orcish Mines.
 18668 | D:11     | Noticed an eight-headed hydra
 18794 | Lair:1   | Entered Level 1 of the Lair of Beasts
 18804 | Lair:1   | Noticed an eight-headed hydra
 19282 | D:12     | Reached skill level 10 in Fighting
 19352 | D:12     | Reached skill level 1 in Maces & Flails
 19661 | D:12     | Noticed a two-headed ogre
 19675 | D:12     | Killed a two-headed ogre
 20061 | D:12     | Found a blossoming altar of Fedhas.
 20085 | D:12     | Reached skill level 15 in Axes
 20404 | D:13     | Noticed Erolcha
 20416 | D:12     | Killed Erolcha
 20710 | D:13     | Noticed a boulder beetle
 20726 | D:13     | Killed a boulder beetle
 20899 | D:13     | Noticed a centaur warrior
 20911 | D:13     | Noticed a centaur warrior
 20980 | D:13     | Killed a centaur warrior
 21075 | D:13     | Killed a centaur warrior
 21075 | D:13     | Reached XP level 13. HP: 73/115 MP: 13/13
 21235 | D:13     | Learned a level 2 spell: Blink
 21276 | D:13     | Reached skill level 11 in Fighting
 21322 | D:13     | Noticed a fire dragon
 21571 | D:13     | Reached skill level 5 in Dodging
 21578 | D:13     | Reached skill level 1 in Spellcasting
 21756 | D:13     | Noticed a frost giant
 21757 | D:13     | Noticed a frost giant
 21762 | D:13     | Reached skill level 1 in Translocations
 22198 | Lair:1   | HP: 4/116 [eight-headed hydra (4)]
 22751 | Lair:1   | Found a large runed translucent door.
 22751 | Lair:1   | Found a large runed translucent door.
 22753 | Lair:1   | Noticed Xeug Exun's ghost (novice DsBe)
 22786 | Lair:1   | Reached **** piety under Ashenzari
 23492 | Lair:2   | Noticed Gastronok
 23530 | Lair:2   | Killed Gastronok
 23811 | Lair:2   | Found a staircase to the Swamp.
 24050 | Lair:2   | Noticed Maggie
 24065 | Lair:2   | Killed Maggie
 25890 | Lair:3   | Reached ***** piety under Ashenzari
 25926 | Lair:3   | Found a hole to the Spider Nest.
 26252 | Lair:3   | Identified the +8 halberd of Venycat {elec, Int+3}
 27138 | Lair:1   | Killed Xeug Exun's ghost
 27138 | Lair:1   | Reached XP level 14. HP: 119/125 MP: 18/18
 28296 | Lair:4   | Reached skill level 12 in Fighting
 29361 | Lair:4   | Identified a scroll of acquirement
 29458 | Lair:5   | Found a shadowy altar of Dithmenos.
 31071 | Lair:6   | Entered Level 6 of the Lair of Beasts
 31412 | Lair:6   | Found a staircase to the Slime Pits.
 31413 | Lair:6   | Found a viscous altar of Jiyva.
 31906 | Lair:6   | Found a runed translucent door.
 31944 | Lair:6   | Reached skill level 13 in Fighting
 32018 | Lair:6   | Reached XP level 15. HP: 80/135 MP: 21/21
 33295 | Lair:5   | Acquired the cursed ring "Hosatef" {rPois Dex+6 Stlth+}
 33545 | Orc:1    | Entered Level 1 of the Orcish Mines
 34024 | Orc:2    | Entered Level 2 of the Orcish Mines
 34024 | Orc:2    | Found Jerob's Magic Scroll Emporium.
 34056 | Orc:2    | Reached ****** piety under Ashenzari
 34550 | Orc:2    | Reached skill level 14 in Fighting
 34550 | Orc:2    | Reached skill level 1 in Evocations
 34639 | Orc:2    | Bought a scroll of teleportation for 42 gold pieces
 34639 | Orc:2    | Bought a scroll of identify for 28 gold pieces
 34639 | Orc:2    | Bought a scroll of enchant weapon for 105 gold pieces
 34676 | Orc:2    | Found a staircase to the Elven Halls.
 34778 | Orc:2    | Found Japusu's Antique Armour Emporium.
 34778 | Orc:2    | Found Jetwae's Gadget Shop.
 34779 | Orc:2    | Found Topn's Antique Armour Shop.
 34779 | Orc:2    | Found Devez's Antique Weapon Shoppe.
 35257 | Orc:1    | Learned a level 3 spell: Ozocubu's Armour
 35488 | D:13     | Killed a frost giant
 35488 | D:13     | Reached skill level 5 in Translocations
 35961 | D:13     | Killed a frost giant
 36352 | D:13     | Identified the +0 robe of Shadows and Fog {+Inv Dex+4}
 36530 | D:13     | Identified the Collected Works on Earth and Creation
 36625 | D:14     | Reached skill level 1 in Ice Magic
 36820 | D:14     | Noticed Jorgrun
 36832 | D:14     | Killed Jorgrun
 36926 | D:14     | Found a frozen archway.
 36965 | IceCv    | Entered an ice cave
 36976 | IceCv    | Found a transporter.
 37064 | IceCv    | Found a transporter.
 37766 | D:14     | Reached XP level 16. HP: 147/147 MP: 22/22
 38665 | D:15     | Entered Level 15 of the Dungeon
 38703 | D:15     | Reached skill level 15 in Fighting
 38783 | D:15     | Found a staircase to the Depths.
 39625 | D:15     | Identified the Grimoire of Necromancy and Transformation
 39805 | Swamp:1  | Entered Level 1 of the Swamp
 40434 | Swamp:1  | Identified the +4 pair of gloves of Vibyski {Str+5 Int+3}
 40434 | Swamp:1  | Noticed Nikola
 40449 | Swamp:1  | Killed Nikola
 40637 | Swamp:1  | Noticed a thorn hunter
 41298 | Swamp:1  | Killed a thorn hunter
 42381 | Swamp:2  | Reached skill level 16 in Fighting
 43731 | Swamp:2  | Reached XP level 17. HP: 130/159 MP: 23/23
 44034 | Swamp:2  | Found an ancient bone altar of Kikubaaqudgha.
 45287 | Swamp:4  | Entered Level 4 of the Swamp
 45332 | Swamp:4  | Reached skill level 5 in Ice Magic
 45347 | Swamp:4  | Reached skill level 17 in Fighting
 45772 | Swamp:4  | Reached skill level 5 in Evocations
 46547 | Swamp:4  | Got a decaying rune of Zot
 47224 | D:6      | Bought a scroll of enchant weapon for 105 gold pieces
 48685 | D:10     | Bought a potion of curing for 33 gold pieces
 48685 | D:10     | Bought a potion of heal wounds for 55 gold pieces
 48685 | D:10     | Bought a potion of flight for 33 gold pieces
 48685 | D:10     | Bought a potion of flight for 33 gold pieces
 48685 | D:10     | Bought a potion of resistance for 110 gold pieces
 48685 | D:10     | Bought a potion of curing for 33 gold pieces
 48685 | D:10     | Bought a potion of curing for 33 gold pieces
 49014 | Spider:1 | Entered Level 1 of the Spider Nest
 49144 | Spider:1 | Noticed Agnes
 49171 | Spider:1 | Killed Agnes
 49171 | Spider:1 | Reached XP level 18. HP: 27/171 MP: 2/24
 49585 | Spider:1 | Reached skill level 18 in Fighting
 49881 | Spider:1 | Learned a level 3 spell: Frozen Ramparts
 50146 | Spider:1 | Identified the Reference Book on Captivating Calling
 51808 | Spider:3 | Noticed Donald
 51819 | Spider:3 | Killed Donald
 53117 | Spider:4 | Entered Level 4 of the Spider Nest
 56783 | Spider:4 | Reached skill level 19 in Fighting
 56918 | Spider:4 | Reached XP level 19. HP: 140/182 MP: 19/25
 57831 | Spider:4 | Got a gossamer rune of Zot
 57970 | Spider:4 | Learned a level 5 spell: Bolt of Magma
 58346 | Orc:2    | Bought a faintly humming plate armour for 728 gold pieces
 58346 | Orc:2    | Identified the +1 plate armour "Qet Nuss" {rC+ Int+5} (You
                  | bought it in a shop on level 2 of the Orcish Mines)
 58642 | D:13     | Found a gate to the Vaults.
 58687 | Vaults:1 | Entered Level 1 of the Vaults
 58724 | Vaults:1 | Got the uncursed chain mail "Mulog Sozulo" {Int+7 Dex+3}
 58991 | Vaults:1 | HP: 9/183 [vault warden/+0 great mace (14)]
 60303 | Vaults:1 | Reached skill level 20 in Fighting
 61238 | Vaults:2 | Found Juunawyn's Magic Scroll Shop.
 61241 | Vaults:2 | Bought a scroll of enchant weapon for 82 gold pieces
 61241 | Vaults:2 | Bought a scroll of teleportation for 33 gold pieces
 61241 | Vaults:2 | Bought a scroll of teleportation for 33 gold pieces
 61241 | Vaults:2 | Identified the +0 chain mail "Mulog Sozulo" {Int+7 Dex+3}
                  | (You found it on level 1 of the Vaults)
 61306 | Vaults:2 | Reached XP level 20. HP: 156/195 MP: 22/26
 62530 | Vaults:2 | Reached skill level 21 in Fighting
 64619 | Vaults:3 | Reached skill level 22 in Fighting
 64640 | Vaults:3 | Reached skill level 10 in Evocations
 64814 | Vaults:3 | Identified the +2 cloak of the Wilderness {rPois Regen+
                  | Str-5}
 64832 | Vaults:3 | Found a staircase to the Crypt.
 64832 | Vaults:3 | Found an ancient bone altar of Kikubaaqudgha.
 64833 | Vaults:3 | Found a basalt altar of Yredelemnul.
 65025 | Vaults:3 | Reached XP level 21. HP: 198/207 MP: 23/27
 66560 | Vaults:4 | Noticed Mara
 66572 | Vaults:4 | Killed Mara
 66848 | Vaults:4 | Noticed Frederick
 66874 | Vaults:4 | Killed Frederick
 67342 | Vaults:4 | Reached skill level 5 in Spellcasting
 67883 | Elf:1    | Entered Level 1 of the Elven Halls
 68052 | Elf:1    | Identified the cursed +0 leather armour of Fyonweri {Harm
                  | rPois MR-}
 68075 | Elf:1    | Reached skill level 15 in Armour
 68208 | Elf:1    | Reached skill level 1 in Fire Magic
 68239 | Elf:1    | Reached skill level 1 in Earth Magic
 68271 | Elf:1    | Reached skill level 1 in Conjurations
 68612 | Elf:1    | Found Atoeschez's Jewellery Shoppe.
 69061 | Elf:1    | Identified the cursed +0 leather armour of Fyonweri {Harm
                  | rPois MR-}
 69308 | Elf:2    | Reached XP level 22. HP: 215/217 MP: 30/30
 69318 | Elf:2    | Reached skill level 23 in Fighting
 69481 | Elf:2    | Found a runed translucent gate.
 69481 | Elf:2    | Found a runed translucent gate.
 69481 | Elf:2    | Found a runed translucent gate.
 70853 | Elf:3    | Entered Level 3 of the Elven Halls
 70993 | Elf:3    | Found a magical portal.
 71039 | WizLab   | Entered Lehudib's Moon Base
 71189 | WizLab   | Found a transporter.
 71930 | WizLab   | Gained mutation: You are clumsy. (Dex -2) [a cacodemon]
 71932 | WizLab   | Reached skill level 5 in Fire Magic
 72013 | WizLab   | Identified the +1 pair of gloves of Ruq Enomm {MP+9}
 72096 | WizLab   | Paralysed by a great orb of eyes for 3 turns
 72502 | WizLab   | Gained mutation: You are dopey. (Int -2) [a neqoxec]
 72547 | WizLab   | Reached skill level 5 in Earth Magic
 72758 | WizLab   | Reached skill level 5 in Conjurations
 72803 | WizLab   | Found a transporter.
 73456 | WizLab   | Identified Lehudib's Papyrus of the Mountains
 73625 | Elf:3    | Found Bedgha Hofio's Assorted Antiques.
 73951 | Elf:3    | Identified the +1 pair of boots of Day {SInv}
 73989 | Elf:3    | Reached XP level 23. HP: 229/229 MP: 31/31
 73993 | Elf:3    | Reached skill level 24 in Fighting
 74010 | Elf:3    | Cast into level 3 of the Abyss (a deep elf sorcerer)
 74011 | Abyss:3  | Found a corrupted altar of Lugonu.
 74318 | Abyss:3  | Found a corrupted altar of Lugonu.
 74551 | Abyss:3  | Paralysed by accursed screaming for 1 turns
 75087 | Elf:3    | Escaped the Abyss
 75127 | Elf:3    | HP: 3/229 [deep elf high priest/damnation (23)]
 75746 | Elf:3    | Cast into level 3 of the Abyss (a deep elf demonologist)
 75763 | Abyss:3  | Found a shadowy altar of Dithmenos.
 75807 | Elf:3    | Escaped the Abyss
 76157 | Elf:3    | Identified the cursed +0 dagger of Tartarus {freeze, MP+9
                  | Str+3 SInv}
 76158 | Elf:3    | Identified the cursed +0 arbalest of Avuirit {vorpal, rElec
                  | Dex+3 SInv Stlth+}
 76158 | Elf:3    | Identified the cursed +3 long sword of Obsession {vorpal,
                  | *Rage rC++ Dex+4}
 76206 | Elf:3    | Found the brooch of Shielding {Spirit SH+8}
 76282 | Elf:3    | Identified the amulet of Kiliogya {*Corrode rC+++ Regen+
                  | Dex-5 SInv}
 76282 | Elf:3    | Identified the ring "Reipayn" {Ice *Slow Str+2 Slay+2}
 76283 | Elf:3    | Identified the cursed +1 ring mail of Lust {Regen+}
 76286 | Elf:3    | Identified the +5 hand crossbow "Killer Klown's Regret"
                  | {penet, Str+2}
 76409 | Elf:3    | Upgraded the game from 0.26-a0-690-gcb57259078 to
                  | 0.26-a0-695-g987792ac36
 77145 | Elf:3    | Identified the Guide on Transmutation
 77619 | Depths:1 | Entered Level 1 of the Depths
 78196 | Depths:1 | Found a one-way gate to the infinite horrors of the Abyss.
 78621 | Depths:1 | Found the +12 Vampire's Tooth {vamp}
 78753 | Depths:1 | Reached XP level 24. HP: 226/240 MP: 29/31
 78773 | Depths:1 | Identified the +7 shortbow of Might {flame, rPois Int+3}
 78903 | Depths:1 | Found a gateway to Hell.
 79032 | Depths:2 | Paralysed by an ogre mage for 5 turns
 79057 | Depths:2 | Noticed Asterion
 79071 | Depths:2 | Killed Asterion
 79071 | Depths:2 | Paralysed by a great orb of eyes for 4 turns
 79926 | Depths:2 | Identified the Volume of Arcane Weapons
 80038 | Depths:2 | Reached skill level 25 in Fighting
 80147 | Depths:2 | Identified the Grimoire of Feathers and Stones
 80465 | Depths:2 | Paralysed by a vampire knight for 7 turns
 80466 | Depths:2 | Noticed a juggernaut
 80970 | Depths:2 | Killed a juggernaut
 81731 | Depths:2 | Identified the Catalogue of the Spheres
 81734 | Depths:2 | Identified the Reference Book on the Rocks and Attacks
 82273 | Depths:3 | Paralysed by a great orb of eyes for 6 turns
 83312 | Depths:3 | Reached XP level 25. HP: 211/250 MP: 31/33
 83501 | Depths:3 | Noticed a juggernaut
 83505 | Depths:3 | Killed a juggernaut
 83505 | Depths:3 | Reached skill level 10 in Dodging
 83563 | Depths:3 | Found a blossoming altar of Fedhas.
 83567 | Depths:3 | HP: 5/251 [centaur warrior/arrow (12)]
 84034 | Depths:3 | Found a gateway to a ziggurat.
 84407 | Depths:3 | Found a one-way gate leading to the halls of Pandemonium.
 84637 | Depths:3 | Identified the Incunabulum of Shifting Dislocation
 84691 | Depths:3 | Identified the Catalogue of the Compass and Clay
 85264 | Depths:3 | Acquired a book of Fire
 85276 | Depths:3 | Learned a level 5 spell: Fireball
 85651 | Elf:3    | Bought a scroll of enchant weapon for 255 gold pieces
 85651 | Elf:3    | Bought a scroll of teleportation for 102 gold pieces
 85651 | Elf:3    | Bought a wooden wand for 136 gold pieces
 86232 | Depths:4 | Reached skill level 10 in Fire Magic
 86253 | Depths:4 | Reached skill level 26 in Fighting
 88556 | Depths:4 | Found a snail-covered altar of Cheibriados.
 88565 | Depths:4 | Reached XP level 26. HP: 243/264 MP: 33/34
 88567 | Depths:4 | Identified the +11 glaive "Rieg Emo" {freeze, *Noise Int+4
                  | Dex+6}
 88568 | Depths:4 | Found the ring of Shadows {Umbra +Inv Stlth+}
 88926 | Depths:5 | Entered Level 5 of the Depths
 89718 | Depths:5 | Reached skill level 10 in Conjurations
 90429 | Depths:5 | Reached skill level 10 in Earth Magic
 90959 | Depths:5 | Found a gate to the Realm of Zot.
 91400 | Depths:4 | Voluntarily entered the Abyss.
 91400 | Abyss:1  | Found a corrupted altar of Lugonu.
 91474 | Abyss:1  | Reached skill level 27 in Fighting
 91481 | Abyss:1  | Paralysed by a lich for 2 turns
 91497 | Depths:4 | Escaped the Abyss
 92026 | Depths:4 | Voluntarily entered the Abyss.
 92068 | Abyss:1  | Paralysed by accursed screaming for 1 turns
 92075 | Abyss:1  | Paralysed by accursed screaming for 1 turns
 92176 | Depths:4 | Escaped the Abyss
 92618 | Depths:1 | Voluntarily entered the Abyss.
 92618 | Abyss:1  | Found a corrupted altar of Lugonu.
 93445 | Abyss:1  | Reached XP level 27. HP: 231/268 MP: 31/35
 93542 | Depths:1 | Escaped the Abyss
 93603 | Depths:1 | Voluntarily entered the Abyss.
 93917 | Abyss:3  | Paralysed by a lich for 4 turns
 93919 | Abyss:3  | HP: 13/273 [lich/lance of force (29)]
 93919 | Abyss:3  | HP: 4/273 [ice dragon (9)]
 93920 | Abyss:3  | Slain by a lich

Illustrated notes

Levels and vault maps discovered:
D:1:      heliophobic_arrival_glass_houses, layout_basic
D:2:      layout_rooms, nicolae_overflow_hidden_temple, elyvilon_altar_1,
          uniq_sigmund
D:3:      layout_basic
D:4:      layout_gridville
D:5:      layout_basic, doesnt_xom_only_xom, zin_treasury, lemuel_crystal_altar,
          nicolae_qazlal_style_of_elements, due_unseen_surprise
D:6:      layout_cave_pools, serial_shops, shop, minmay_bent
D:7:      layout_loops_cross, gammafunk_temple_overflow_pools,
          minmay_temple_entry_arrows
D:8:      layout_gridville, riverfiend_overflow_shadow_ancestor, serial_ice,
          serial_ice_m, serial_ice_k, serial_ice_o, serial_ice_a, serial_ice_c,
          serial_ice_f, serial_ice_e, serial_ice_b
D:9:      layout_roguey, due_lair_maze_entry_diamond, serial_park_tiny_2
D:10:     layout_basic, serial_shops, nicolae_shop_behind_doors
D:11:     layout_irregular_city, erik_orc_3, uniq_snorg, uniq_nergalle,
          uniq_maurice
D:12:     layout_big_octagon, fedhas_altar_3
D:13:     kennysheep_four_of_diamonds, layout_rooms, david_vaults_4,
          minmay_fountain_box, drop_trap, uniq_erolcha
D:14:     layout_loops_ring, portal_ice_cave_entry_animals_and_master,
          grunt_decor_mini_mirrors, uniq_jorgrun
D:15:     gammafunk_depths_entry_grave, layout_rooms, minivault_4
Lair:1:   layout_regular_city, ebering_ghost_disaster_area, st_stairs_5
Lair:2:   layout_regular_city, skrybe_swamp_entry_bodies, lemuel_fruit_tree,
          uniq_maggie, uniq_gastronok
Lair:3:   layout_roguey, nicolae_spider_entry_tight_spaces, serial_bayou_shore_a
Lair:4:   layout_loops_ring, special_room [special_room_mythical_zoo],
          cheibrodos_lair_caveside_slide, st_stairs_8, infiniplex_staircase_pool
Lair:5:   minmay_lair_oklob_tunnel, layout_cellular_growth, basic_altar,
          infiniplex_staircase_pool_2
Lair:6:   wormcave, layout_gridlike, guppyfry_lair_end_dragon, slime_altar_1,
          gauntlet_entry_generic, grunt_megastairs_2
Swamp:1:  layout_falls_marsh, nicolae_swamp_treefoil, uniq_nikola
Swamp:2:  layout_falls_marsh, basic_altar
Swamp:3:  layout_basic_swamp, nicolae_swamp_round_clearing
Swamp:4:  swamp, layout_basic_swamp
Spider:1: layout_spider_delve, drop_trap, uniq_agnes
Spider:2: layout_spider_delve
Spider:3: layout_spider_delve, uniq_donald
Spider:4: grunt_spider_rune_island
Orc:1:    layout_caves, guppyfry_library_mini
Orc:2:    st_orc_ogre_mass, layout_caves, serial_shops, nicolae_shop_stone,
          library_closet
Elf:1:    layout_loops_cross, hangedman_elf_represent,
          minmay_shop_enchanted_jewellery, grunt_megastairs_1
Elf:2:    layout_geoelf_octagon
Elf:3:    minmay_elf_hall_four_x, layout_geoelf_castle,
          lightli_enter_wizlab_magi_temple, serial_shops, shop_coins
Vaults:1: vaults_room_fours, v_rooms_4, nicolae_vaults_murderbox, v_pattern_5,
          nicolae_vaults_yaktaur_gun_rack, grunt_vaults_hallway_long,
          layout_vaults_quadrants
Vaults:2: hangedman_vaults_pinch, ontoclasm_vaults_ligature,
          nicolae_vaults_windows_and_doors_thing, v_misc_29,
          nicolae_vaults_quartermaster, hangedman_vaults_trim,
          nicolae_vaults_ninety_degrees, v_misc_10, nicolae_vaults_angled_halls,
          vaults_dpeg_cross, layout_vaults_ring, serial_shops,
          nicolae_shop_behind_doors
Vaults:3: minmay_crypt_entry_necro_gods, vaults_standard_mumra_x, v_misc_11,
          grunt_vaults_bifocal, st_lines, vaults_dpeg_encased_lava,
          nicolae_vaults_little_squares_4,
          vaults_standard_mumra_enter_the_diamond, hangedman_vaults_trim,
          nicolae_vaults_ring_of_whatevers, nicolae_vaults_three_branches,
          ontoclasm_vaults_decontamination, ontoclasm_vaults_eye,
          nicolae_vaults_little_squares_5, vaults_room_hallway,
          layout_vaults_maze_snakey
Vaults:4: hangedman_vaults_locks, nicolae_vaults_little_squares_2,
          nicolae_vaults_mini_display_case, nicolae_vaults_theta, v_misc_28,
          v_misc_15, vaults_room_fancy_cross, v_pattern_3,
          layout_vaults_big_room, uniq_margery, uniq_mara, uniq_frederick
Depths:1: layout_basic, pf_coc_iceberg, solitary_fountain,
          minmay_room_of_horrors, minmay_guarded_unrand_vampires_tooth
Depths:2: hangedman_pleasuredromes, hell_entry, abyss_entry, uniq_asterion
Depths:3: minmay_the_grid_square_5x5_5x5
          [minmay_the_grid_square_5x5_intrusive_squares,
          minmay_the_grid_square_5x5_inner_v,
          minmay_the_grid_square_5x5_misaligned, minmay_the_grid_square_5x5_z,
          minmay_the_grid_square_5x5_mess,
          minmay_the_grid_square_5x5_tetrominoes,
          minmay_the_grid_square_5x5_prize_open,
          minmay_the_grid_square_5x5_minivault,
          minmay_the_grid_square_5x5_prize_itemx,
          minmay_the_grid_square_5x5_dogpile,
          minmay_the_grid_square_5x5_moneybag, minmay_the_grid_square_5x5_lines,
          minmay_the_grid_square_5x5_prize_rear_guard,
          minmay_the_grid_square_5x5_tri_point,
          minmay_the_grid_square_5x5_hollow_slash,
          minmay_the_grid_square_5x5_two_walls_a,
          minmay_the_grid_square_5x5_prize_junk, minmay_the_grid_square_5x5_n,
          minmay_the_grid_square_5x5_prize_gold,
          minmay_the_grid_square_5x5_checkered_statues,
          minmay_the_grid_square_5x5_inner_z,
          minmay_the_grid_square_5x5_three_small,
          minmay_the_grid_square_5x5_empty,
          minmay_the_grid_square_5x5_inverted_slash,
          minmay_the_grid_square_5x5_longway], layout_cave_pools,
          enter_ziggurat_e, pan_entry, lemuel_crystal_altar,
          grunt_hell_entry_dis_mu
Depths:4: pf_snail_temple, layout_basic, abyss_entry, rand_demon_pan_entry_4,
          hell_entry, hangedman_decor_points
Depths:5: evilmike_zot_entry_argh, layout_gridlike, minmay_misc_feat_rugged,
          pf_hell_entry_tar_spiral, serial_sigils_hangedman_snap,
          grunt_decor_arrowhead
Abyss:3:  base: Crypt:1, nicolae_abyss_rune_left_handed,
          gammafunk_abyss_rune_reverse_zot, evilmike_abyss_exit_16,
          nicolae_abyss_rune_left_handed, hangedman_abyss_or_decor_slice,
          doesnt_abyss_rune_brain_food, doesnt_abyss_rune_brain_food,
          serial_sigils_hangedman_shear, serial_sigils_hangedman_shear,
          evilmike_abyss_rune_siren_acolytes, base: D:4, base: D:11,
          due_evilmike_abyss_rune_seething_liches,
          due_evilmike_abyss_rune_seething_liches

Skill      XL: |  1  2  3  4  5  6  7  8  9 10 11 12 13 14 15 16 17 18 19 20 21 22 23 24 25 26 27 |
---------------+----------------------------------------------------------------------------------+-----
Fighting       | 4 5 6 7 8 9 10 11 13 14 16 17 19 20 22 23 24 25 26 27 | 27.0
Stealth        | 2 3 4 |  4.4
Axes           | 5 6 8 9 10 12 13 16 17 19 20 21 22 23 24 | 24.3
Armour         | 1 2 3 4 6 7 9 10 11 12 13 14 15 16 17 18 | 18.4
Dodging        | 3 4 5 6 7 8 9 10 11 | 11.4
Throwing       | 4 6 8 9 |  9.4
Maces & Flails | 1 2 |  2.2
Spellcasting   | 2 4 5 6 7 8 9 |  9.0
Translocations | 3 4 5 6 |  6.4
Evocations     | 2 4 5 7 8 10 11 | 11.0
Ice Magic      | 1 4 5 6 7 |  7.7
Fire Magic     | 2 5 7 9 10 11 12 | 12.1
Earth Magic    | 2 5 7 8 9 10 | 10.9
Conjurations   | 1 5 6 8 9 10 11 | 11.1

Action                   |  1- 3 |  4- 6 |  7- 9 | 10-12 | 13-15 | 16-18 | 19-21 | 22-24 | 25-27 || total
-------------------------+-------+-------+-------+-------+-------+-------+-------+-------+-------++-------
Melee: Hand axe          |   145 |   149 |   541 |   361 |       |       |       |       |       ||  1196
       Battleaxe         |       |       |       |   393 |  1028 |  1207 |  1105 |  1164 |  1061 ||  5958
       Dire flail        |       |       |       |    11 |    12 |       |       |       |       ||    23
       Morningstar       |       |       |       |       |     8 |       |       |       |       ||     8
Throw: Dart              |       |       |   105 |   243 |     8 |    89 |    14 |     2 |       ||   461
 Cast: Frozen Ramparts   |       |       |       |       |       |    11 |    28 |     6 |       ||    45
       Blink             |       |       |       |       |       |     1 |       |       |       ||     1
Invok: Curse Item        |       |       |       |     4 |     1 |     1 |     3 |     1 |       ||    10
       Scrying           |       |       |       |       |     1 |     1 |       |       |       ||     2
Evoke: Lightning rod     |       |       |       |     4 |       |       |     3 |     2 |       ||     9
       Tin of tremorston |       |       |       |     4 |       |     1 |     3 |     5 |     1 ||    14
       Wand              |       |       |       |       |       |     3 |       |     1 |       ||     4
       Box of beasts     |       |       |       |       |       |       |     1 |     8 |       ||     9
       Condenser vane    |       |       |       |       |       |       |       |       |     1 ||     1
  Use: Scroll            |     3 |     4 |    10 |     8 |    25 |     6 |     7 |     7 |     7 ||    77
       Potion            |       |       |       |     3 |     7 |     8 |     4 |     4 |     4 ||    30
 Stab: Sleeping          |     3 |     1 |       |       |       |       |       |       |       ||     4
       Confused          |       |       |       |       |       |     2 |       |       |       ||     2
       Invisible         |       |       |       |       |       |     5 |       |       |       ||     5
       Distracted        |       |       |       |       |       |       |     1 |     1 |     1 ||     3
       Paralysed         |       |       |       |       |       |       |       |     1 |       ||     1
       Petrified         |       |       |       |       |       |       |       |       |     2 ||     2
Armor: Robe              |    21 |       |       |       |       |       |       |       |       ||    21
       Ring mail         |    22 |    32 |    27 |       |       |       |       |       |       ||    81
       Chain mail        |       |       |   205 |   471 |   495 |   830 |    39 |       |       ||  2040
       Plate armour      |       |       |       |       |       |       |   513 |   583 |   539 ||  1635
Dodge: Dodged            |   106 |    90 |   432 |   623 |   732 |  1058 |   536 |   491 |   450 ||  4518
Block: Other             |       |       |       |       |       |       |       |   162 |   267 ||   429

Table legend: (Time is in decaauts)
 A = Elapsed time spent in this place.
 B = Non-inter-level travel time spent in this place.
 C = Inter-level travel time spent in this place.
 D = Time resting spent in this place.
 E = Time spent auto-exploring this place.
 F = Levels seen in this place.
 G = Mean time per level.
                   A        B        C        D        E       F      G
               +--------+--------+--------+--------+--------+-----+--------+
         Total |  92843 |  81776 |  11067 |  23093 |  43294 |  53 | 1751.8 |
       Dungeon |  29950 |  24958 |   4992 |   6877 |  12877 |  15 | 1996.7 |
          Lair |  12748 |  10691 |   2057 |   3035 |   6469 |   6 | 2124.7 |
         Swamp |   6546 |   5812 |    734 |   1791 |   2963 |   4 | 1636.5 |
   Spider Nest |   8357 |   8048 |    309 |   3527 |   3542 |   4 | 2089.2 |
  Orcish Mines |   1901 |   1619 |    282 |    347 |   1036 |   2 |  950.5 |
   Elven Halls |   5562 |   4738 |    824 |    726 |   3076 |   3 | 1854.0 |
        Vaults |   8826 |   8170 |    656 |   1441 |   5096 |   4 | 2206.5 |
        Depths |  13532 |  12323 |   1209 |   4322 |   5972 |   5 | 2706.4 |
         Abyss |   2493 |   2493 |      0 |    316 |    818 |   8 |  311.6 |
      Ice Cave |    474 |    474 |      0 |    282 |     89 |   1 |  474.0 |
        Wizlab |   2451 |   2451 |      0 |    428 |   1353 |   1 | 2451.0 |
               +--------+--------+--------+--------+--------+-----+--------+

Top non-repeatable levels by time:
Spider:3: 5015 daAuts
Depths:2: 4278 daAuts
Depths:4: 3534 daAuts
    D:13: 3440 daAuts
    D:10: 3269 daAuts
    D:11: 3098 daAuts
  Lair:6: 2716 daAuts
  WizLab: 2451 daAuts
     D:9: 2450 daAuts
Vaults:3: 2389 daAuts
     D:7: 2385 daAuts
Vaults:2: 2384 daAuts
  Lair:5: 2368 daAuts
     D:8: 2325 daAuts
     D:4: 2321 daAuts
